 Dungeon Crawl Stone Soup version 0.27.1 (webtiles) character file.

Game seed: 5203641364523318663

34 chaosape the Cutter (level 3, 0/23 (35) HPs)
             Began as a Gnoll Wanderer on Aug 23, 2021.
             Slain by Terence (1 damage)
             ... on level 1 of the Dungeon.
             The game lasted 00:11:01 (1349 turns).

chaosape the Cutter (Gnoll Wanderer)                Turns: 1349, Time: 00:11:02

HP:   0/23 (35)     AC: 10    Str: 12    XL:     3   Next: 31%
MP:   4/4           EV:  0    Int: 10    God:
Gold: 64            SH:  8    Dex: 12    Spells: 3/3 levels left

rFire    . . .     SeeInvis .   a - +0 short sword
rCold    . . .     Faith    .   b - +0 kite shield
rNeg     . . .     Spirit   .   n - +0 plate armour
rPois    .         Reflect  .   (no helmet)
rElec    .         Harm     .   (no cloak)
rCorr    +         Rampage  .   (no gloves)
Will     .....                  (no boots)
Stlth    ..........             (no amulet)
HPRegen  0.07/turn              y - ring of resist corrosion
MPRegen  0.09/turn              (no ring)

@: weak-willed, very heavily drained
A: fangs 1, strong nose, distributed training
a: no special abilities


You were on level 1 of the Dungeon.
You visited 1 branch of the dungeon, and saw 2 of its levels.

You collected 64 gold pieces.

Inventory:

Hand Weapons
 a - a +0 short sword (weapon)
 e - a +0 dagger
 h - a +0 dagger
 i - a +0 club
 k - a +0 dagger
 o - a +0 spear
 q - a +0 dagger
 r - a +0 dagger
 s - a +0 club
 t - a +0 dagger
 x - a +0 short sword
 z - a +0 whip
Missiles
 j - 16 bolts
 m - 5 javelins (quivered)
 u - 3 stones
Armour
 b - a +0 kite shield (worn)
 d - a +0 robe
 n - a +0 plate armour (worn)
 v - a +0 leather armour
Jewellery
 y - a ring of resist corrosion (left hand)
Scrolls
 l - a scroll of immolation
Potions
 g - a potion of heal wounds


   Skills:
 + Level 6.5 Fighting
 + Level 6.5 Short Blades
 + Level 2.6 Long Blades
 + Level 0.7 Axes
 + Level 0.7 Maces & Flails
 + Level 0.7 Polearms
 + Level 0.7 Staves
 + Level 0.7 Slings
 + Level 0.7 Bows
 + Level 0.7 Crossbows
 + Level 0.7 Throwing
 + Level 0.7 Armour
 + Level 0.7 Dodging
 + Level 4.1 Stealth
 + Level 2.6 Shields
 + Level 0.7 Unarmed Combat
 + Level 0.7 Spellcasting
 + Level 0.5 Conjurations
 + Level 0.5 Hexes
 + Level 0.5 Summonings
 + Level 0.5 Necromancy
 + Level 0.5 Translocations
 + Level 0.5 Transmutations
 + Level 0.5 Fire Magic
 + Level 0.5 Ice Magic
 + Level 0.5 Air Magic
 + Level 0.5 Earth Magic
 + Level 0.5 Poison Magic
 + Level 0.9 Invocations
 + Level 0.7 Evocations


You had 3 spell levels left.
You didn't know any spells.
Your spell library was empty.

Dungeon Overview and Level Annotations

Branches:
Dungeon (2/15)

Altars:

Annotations:
D:1 Terence


Innate Abilities, Weirdness & Mutations

You have very sharp teeth.
Your uncanny sense of smell can sniff out nearby items.
Your experience applies equally to all skills.


Message History

You hit Terence but do no damage. You block Terence's attack.
You hit Terence but do no damage. You bite Terence, but do no damage.
Terence hits you but does no damage.
You feel drained.
You hit Terence but do no damage. Your bite misses Terence.
You block Terence's attack.
You hit Terence but do no damage.
Terence hits you with a +1 flail of draining.
You feel drained.
You hit Terence but do no damage.
Terence says, "You're history."
Terence hits you with a +1 flail of draining.
You feel drained.
Your shield prevents you from hitting Terence.
Terence hits you with a +1 flail of draining.
You feel drained.
You hit Terence. You bite Terence, but do no damage.
Terence is lightly wounded.
Terence hits you but does no damage.
You feel drained.
You feel better. Terence hits you but does no damage.
You feel drained.
As you read the scroll labelled NEHEOXKEAC, it crumbles to dust.
The scroll dissolves into smoke.
It was a scroll of fog.
Terence hits you with a +1 flail of draining.
You feel drained.
As you read the scroll labelled WYMIN UXZOFEOGE, it crumbles to dust.
Magic quickly surges around you.
It was a scroll of vulnerability.
Terence hits you with a +1 flail of draining.
You feel drained.
As you read the scroll labelled RELUOFR ATIS, it crumbles to dust.
The creatures around you are filled with an inner flame!
It was a scroll of immolation.
Terence hits you with a +1 flail of draining.
* * * LOW HITPOINT WARNING * * *
You feel drained.
As you read the scroll labelled LOASAC ZICVITOJY, it crumbles to dust.
It is a scroll of identify.
g - a potion of heal wounds Terence hits you with a +1 flail of draining!
* * * LOW HITPOINT WARNING * * *
You feel drained.
You die...

#.# #....................### #.#
#.#####..##............# #.# #.#
#...#...#.##.#.#.# #.# #.#
............#.# # #.# #.#####
#............#.#
..###.....#.#..............#
#..##.###.#.#.§§§......#####
#.............§§@§.........
...##.####..#.##@§#.#..####
........##.....§§§§....#
...............§§§§....#######
......#....>#................#
.#.####........#........######
...........................# #
....######..............##.###.#
###.######.#####...............#
#.##..................##..##.#


You could see Terence (inner flame, weak-willed).

Vanquished Creatures
  A dart slug (D:1)
  4 bats (D:1)
  4 endoplasms (D:1)
  2 giant cockroaches
  3 goblins (D:1)
  5 hobgoblins
  A quokka (D:1)
  A ball python (D:1)
  A frilled lizard (D:1)
  4 kobolds
  3 rats (D:1)
29 creatures vanquished.

Notes
Turn   | Place    | Note
-------+----------+-------------------------------------------
     0 | D:1      | chaosape the Gnoll Wanderer began the quest for the Orb.
     0 | D:1      | chaosape set off with the following items: a +0 short
                  | sword, a +0 kite shield, a potion of curing, a +0 robe, a
                  | +0 dagger
     0 | D:1      | Reached XP level 1. HP: 23/23 MP: 1/1
   273 | D:1      | Reached XP level 2. HP: 26/29 MP: 2/2
   800 | D:1      | Reached XP level 3. HP: 35/35 MP: 3/3
   823 | D:1      | You fall into a shaft and drop 1 floor!
  1320 | D:2      | Noticed Terence
  1349 | D:1      | HP: 1/24 [Terence (7)]
  1349 | D:1      | Slain by Terence

Illustrated notes

Levels and vault maps discovered:
D:1:      zelgadis_glass_arrival_small, layout_basic, serial_corexii_hall,
          chequers_hall_statues_y, chequers_hall_statues_y
D:2:      layout_basic, serial_forest, infiniplex_forest_lined_corner,
          infiniplex_forest_clump_small, infiniplex_forest_clump_diagonal,
          infiniplex_forest_end_2, infiniplex_forest_straight_3, uniq_terence

Action                   || total
-------------------------++-------
Melee: Short sword       ||   128
       Bite              ||    13
Throw: Javelin           ||     2
  Use: Scroll            ||     4
       Potion            ||     1
 Stab: Sleeping          ||     1
Armor: Robe              ||     9
       Plate armour      ||    71
Dodge: Dodged            ||    16
Block: Kite shield       ||    62
